Map: [ESL] Altitude

Players

Zoun

  • Race: Protoss Protoss

Spirit - Winner!

  • Race: Terran Terran

Event: IEM Katowice 2023

VOD

Have the link to the VOD?

Description

Time

  • Played on: Feb. 8, 2023, 3:48 p.m.
  • Length: 11:33

All games in this series

Show
View Real Time Build Order
Export as new Build Order

Zoun Protoss 

Build Orders: Phoenix Opening, Blink Stalkers, Colossus Rush 

Get SALT Encoding   

  12  0:00  Probe  
  13  0:12  Probe  
  14  0:20  Pylon  
  14  0:24  Probe  
  15  0:38  Probe (Chrono Boost)  
  15  0:40  Gateway  
  16  0:47  Probe (Chrono Boost)  
  16  0:48  Assimilator  
  17  0:53  Probe  
  18  1:05  Probe  
  19  1:17  Probe  
  20  1:29  Cybernetics Core  
  20  1:50  Pylon  
  20  1:54  Nexus  
  20  1:56  Probe  
  21  2:05  Adept (Chrono Boost)  
  23  2:09  Probe  
  23  2:12  Assimilator  
  24  2:18  Warp Gate  
  24  2:21  Probe  
  25  2:30  Twilight Council  
  25  2:35  Probe  
  26  2:47  Probe (Chrono Boost)  
  26  2:48  Sentry  
  29  2:54  Shield Battery  
  29  2:59  Probe (Chrono Boost)  
  30  3:08  Probe (Chrono Boost)  
  30  3:09  Probe (Chrono Boost)  
  30  3:12  Blink (Chrono Boost)  
  32  3:16  Probe (Chrono Boost)  
  32  3:17  Probe (Chrono Boost)  
  32  3:18  Phoenix  
  34  3:25  Probe (Chrono Boost)  
  34  3:26  Probe (Chrono Boost), Adept  
  38  3:30  Probe (Chrono Boost)  
  38  3:33  Probe  
  40  3:38  Gateway  
  40  3:42  Gateway  
  40  3:45  Probe  
  40  3:46  Probe  
  42  3:52  Robotics Facility  
  42  3:56  Pylon  
  42  3:59  Probe  
  42  4:00  Probe  
  44  4:11  Probe  
  44  4:14  Probe  
  46  4:23  Nexus  
  46  4:24  Pylon  
  46  4:27  Probe  
  46  4:29  Stalker  
  48  4:35  Stalker  
  48  4:36  Stalker  
  52  4:40  Observer  
  52  4:41  Probe  
  52  4:42  Probe  
  52  4:45  Pylon  
  55  4:47  Assimilator  
  55  4:49  Assimilator  
  55  4:53  Stalker  
  57  5:01  Probe (Chrono Boost), Robotics Bay  
  57  5:02  Probe (Chrono Boost)  
  61  5:14  Pylon, Probe (Chrono Boost)  
  61  5:18  Probe (Chrono Boost)  
  61  5:19  Stalker x2  
  61  5:20  Probe (Chrono Boost), Observer  
  67  5:24  Probe (Chrono Boost)  
  68  5:29  Probe (Chrono Boost)  
  68  5:31  Charge  
  68  5:35  Probe (Chrono Boost)  
  70  5:37  Probe (Chrono Boost), Observer  
  70  5:41  Probe (Chrono Boost)  
  72  5:45  Probe (Chrono Boost)  
  72  5:46  Probe (Chrono Boost)  
  72  5:47  Colossus (Chrono Boost), Probe (Chrono Boost)  
  81  5:50  Probe (Chrono Boost)  
  81  5:51  Probe (Chrono Boost)  
  81  5:52  Extended Thermal Lance  
  83  5:57  Shield Battery  
  83  6:06  Gateway  
  83  6:07  Observer  
  83  6:08  Gateway  
  83  6:19  Forge, Probe x3  
  83  6:20  Gateway  
  83  6:22  Pylon  
  84  6:31  Observer  
  84  6:34  Pylon  
  84  6:35  Colossus (Chrono Boost)  
  84  6:36  Gateway  
  84  6:39  Gateway  
  90  6:40  Observer  
  90  6:41  Sentry  
  90  6:42  Pylon, Stalker  
  90  6:45  Assimilator, Probe  
  90  6:46  Probe  
  96  6:47  Assimilator, Probe  
  97  6:57  Probe, Stalker  
  97  7:00  Observer  
  98  7:03  Probe x2  
  98  7:08  Stalker x3  
  104  7:09  Probe  
  107  7:15  Protoss Ground Weapons Level 1 (Chrono Boost), Stalker  
  107  7:16  Stalker  
  107  7:20  Warp Prism  
  113  7:23  Pylon  
  113  7:25  Photon Cannon  
  113  7:28  Observer  
  113  7:32  Templar Archives  
  113  7:34  Zealot x2  
  116  7:38  Photon Cannon  
  116  7:46  Zealot  
  118  7:58  Colossus  
  123  7:59  Observer  
  123  8:03  Pylon  
  123  8:04  Pylon, Zealot  
  125  8:19  Forge, Pylon  
  125  8:21  Pylon, Probe x3  
  126  8:33  Zealot x4, Probe  
  133  8:38  Zealot x3  
  111  8:57  Probe, Observer  
  111  9:00  Stalker x2  
  95  9:05  Probe  
  95  9:06  Probe  
  95  9:09  Probe (Chrono Boost), Stalker x2  
  101  9:17  Probe (Chrono Boost)  
  101  9:22  Probe (Chrono Boost)  
  104  9:24  Probe (Chrono Boost)  
  104  9:25  Pylon  
  104  9:27  High Templar x2  
  104  9:28  High Templar x2  
  110  9:34  Assimilator  
  110  9:39  Archon, Zealot  
  110  9:40  Archon, Observer  
  110  9:41  Probe x2  
  110  9:44  High Templar x2  
  118  9:54  Archon  
  118  9:59  Probe x3 (Chrono Boost)  
  121  10:04  Observer (Chrono Boost)  
  121  10:05  Stalker  
  124  10:07  High Templar x2, Stalker  
  124  10:08  Probe x2 (Chrono Boost)  
  124  10:11  Probe (Chrono Boost)  
  124  10:13  Probe (Chrono Boost)  
  132  10:16  Archon  
  132  10:18  Zealot  
  132  10:20  Zealot, Disruptor (Chrono Boost)  
  132  10:21  Probe x2  
  141  10:25  Probe  
  141  10:27  Stalker  
  145  10:40  Probe x3, Observer  
  148  10:52  Pylon x2  
  148  10:55  Disruptor (Chrono Boost)  
  149  11:08  Pylon  
  149  11:09  Nexus  
  149  11:13  High Templar x2, Zealot x2  
  149  11:17  Archon  
Show
View Real Time Build Order
Export as new Build Order

Spirit Terran - Winner!

Build Orders:  

Get SALT Encoding   

  12  0:00  SCV  
  13  0:12  SCV  
  14  0:17  Supply Depot  
  14  0:24  SCV  
  15  0:38  SCV  
  15  0:39  Barracks  
  16  0:51  SCV  
  16  0:52  Refinery  
  17  1:03  SCV  
  18  1:15  Engineering Bay, SCV  
  19  1:30  Marine  
  19  1:31  Orbital Command  
  20  1:50  Barracks Reactor  
  20  1:53  Command Center  
  20  1:56  SCV  
  21  2:04  Supply Depot  
  21  2:08  SCV  
  22  2:20  SCV  
  23  2:27  Marine x2  
  25  2:33  SCV  
  25  2:38  Command Center  
  25  2:45  Marine, SCV  
  25  2:46  Marine  
  28  2:56  Barracks  
  28  2:58  SCV  
  29  3:05  Barracks  
  29  3:12  Orbital Command  
  29  3:15  SCV  
  29  3:17  Marine  
  31  3:20  Marine  
  31  3:25  Bunker  
  32  3:28  SCV  
  33  3:35  Marine  
  33  3:38  Marine, SCV  
  33  3:40  SCV  
  37  3:44  Barracks Tech Lab  
  37  3:49  Orbital Command  
  37  3:50  SCV  
  37  3:52  Barracks Tech Lab, SCV  
  39  3:56  Marine  
  39  3:59  Marine  
  39  4:02  Stimpack, SCV  
  42  4:04  SCV  
  42  4:06  Marine  
  44  4:12  Combat Shield  
  44  4:14  SCV  
  44  4:15  Factory  
  44  4:16  SCV  
  46  4:21  SCV, Refinery  
  47  4:26  SCV  
  47  4:28  Marine, SCV, Marauder  
  47  4:30  Marine  
  53  4:33  SCV  
  53  4:34  Refinery  
  53  4:35  Marauder  
  53  4:37  Supply Depot  
  55  4:39  SCV  
  55  4:40  SCV  
  55  4:43  Engineering Bay  
  55  4:45  SCV  
  58  4:47  Refinery  
  58  4:49  Marine  
  58  4:51  SCV  
  61  4:52  SCV  
  61  4:59  Marine x2, SCV  
  64  5:02  Supply Depot  
  64  5:03  SCV  
  64  5:04  Starport  
  64  5:06  Factory Reactor, SCV  
  66  5:11  SCV  
  66  5:12  Missile Turret  
  67  5:15  SCV  
  67  5:17  Terran Infantry Weapons Level 1  
  67  5:18  SCV  
  69  5:23  Marine x2  
  69  5:26  Supply Depot x2  
  69  5:28  Marauder  
  73  5:32  Missile Turret  
  73  5:36  Barracks  
  73  5:40  SCV  
  73  5:41  SCV  
  73  5:42  Concussive Shells  
  75  5:43  Barracks  
  75  5:45  Orbital Command  
  75  5:46  Marauder  
  75  5:48  Barracks Reactor  
  76  5:51  Medivac  
  76  5:53  SCV  
  76  5:55  Medivac  
  76  5:56  SCV  
  82  5:58  Marauder  
  83  6:05  Supply Depot  
  83  6:07  Marine, SCV, Armory  
  83  6:08  SCV  
  83  6:10  SCV  
  85  6:12  Supply Depot  
  85  6:16  Widow Mine  
  85  6:17  Widow Mine  
  88  6:19  Marauder, SCV  
  88  6:20  SCV  
  88  6:22  SCV  
  88  6:25  Marine  
  92  6:28  Barracks Reactor  
  92  6:29  Barracks Tech Lab  
  92  6:31  SCV  
  92  6:32  SCV  
  94  6:35  Marine, SCV  
  94  6:38  Widow Mine x2  
  100  6:41  Marauder  
  100  6:43  SCV  
  100  6:44  SCV, Supply Depot x2  
  105  6:47  SCV  
  105  6:50  Bunker  
  105  6:51  Medivac x2  
  105  6:53  Supply Depot  
  109  7:05  Marine x2, SCV x2  
  109  7:06  Marauder x2, Widow Mine  
  119  7:11  Refinery x2  
  119  7:14  Ghost Academy  
  119  7:15  Marine, Marauder  
  122  7:16  SCV  
  122  7:17  Supply Depot  
  122  7:19  Marine  
  122  7:21  Medivac  
  126  7:22  Medivac  
  126  7:23  Supply Depot  
  126  7:25  Marine  
  126  7:27  Marauder  
  126  7:28  Marauder  
  126  7:29  Marine  
  130  7:30  SCV  
  130  7:33  Marine  
  132  7:37  Marine  
  132  7:39  Marauder  
  132  7:43  Marine  
  138  7:47  Command Center  
  138  7:48  Marauder  
  138  7:51  Medivac  
  142  7:52  Viking  
  142  7:53  Marauder  
  142  7:54  Marine  
  142  7:58  Marine  
  145  8:00  Marauder  
  146  8:07  SCV  
  146  8:08  Terran Infantry Armor Level 1, SCV x2, Supply Depot x2, Starport  
  146  8:09  Supply Depot  
  149  8:26  Marauder  
  149  8:29  Marine x4, SCV, Viking  
  149  8:30  Marauder x2, SCV  
  73  8:34  Viking  
  158  8:36  Supply Depot x2  
  159  8:43  Viking  
  159  8:44  Viking  
  159  8:47  Marine x2, Marauder  
  166  8:49  Marine  
  166  8:50  Marine  
  166  8:51  Marauder x2  
  166  8:59  Viking  
  151  9:04  Viking  
  151  9:05  Marine x2  
  151  9:06  Marine  
  151  9:07  Ghost  
  156  9:12  Ghost  
  156  9:13  Viking x2  
  156  9:15  Planetary Fortress, SCV x3  
  156  9:16  Missile Turret  
  165  9:21  Marine, Marauder  
  166  9:27  SCV x2  
  166  9:29  Viking  
  166  9:30  Sensor Tower  
  166  9:31  Refinery  
  170  9:34  Refinery  
  170  9:37  Marauder  
  174  9:42  Fusion Core  
  174  9:50  Marine, Engineering Bay, Barracks  
  174  9:51  Barracks, Marauder  
  177  9:53  Barracks  
  177  9:54  Marine  
  177  9:55  Marauder  
  177  9:59  Medivac x2  
  182  10:03  Ghost  
  184  10:07  Marine  
  184  10:08  Marine  
  184  10:13  Marine, Ghost, Command Center  
  189  10:14  Missile Turret  
  189  10:19  Marine, Marauder  
  192  10:25  Marine, Medivac  
  195  10:29  Medivac  
  195  10:31  Marine  
  195  10:32  Marauder  
  199  10:41  Marauder  
  199  11:00  Barracks Tech Lab x2  
  199  11:01  Barracks Tech Lab  
  199  11:07  Missile Turret  

Tags
 
Add a new tag
Caveats
  • Supply blocks, unpowered buildings, or Contaminate may cause inaccurate times.
  • Supply counts are checked every 10 seconds.